 Dungeon Crawl Stone Soup version 0.25-a0-583-g696c2ac64d (webtiles) character file.

Game seed: 13596879528583349624, levelgen mode: deterministic

193 Kohma the Insei (level 5, -2/41 HPs)
             Began as a Gnoll Transmuter on Mar 8, 2020.
             Was an Initiate of Makhleb.
             Slain by an orc warrior
             ... wielding a +0 glaive
              (9 damage)
             ... on level 3 of the Dungeon.
             The game lasted 00:05:44 (2187 turns).

Kohma the Insei (Gnoll Transmuter)                  Turns: 2187, Time: 00:05:44

Health: -2/41      AC:  2    Str: 12    XL:     5   Next: 72%
Magic:  10/12      EV: 24    Int: 17    God:    Makhleb [......]
Gold:   95         SH:  0    Dex: 20    Spells: 8/14 levels left

rFire    . . .     SeeInvis +     - Unarmed
rCold    . . .     Gourm    .   (shield currently unavailable)
rNeg     . . .     Faith    .   (armour currently unavailable)
rPois    x         Spirit   .   (helmet currently unavailable)
rElec    .         Reflect  .   (cloak currently unavailable)
rCorr    .         Harm     .   (gloves currently unavailable)
MR       .....                  (boots currently unavailable)
Stlth    ++........             s - amulet of magic regeneration (curse)
HPRegen  0.13/turn              o - ring of see invisible
MPRegen  0.38/turn              (no ring)

@: spider-form
A: tiny, distributed training, strong nose
a: End Transformation, Renounce Religion


You were on level 3 of the Dungeon.
You worshipped Makhleb.
Makhleb was noncommittal.
You were not hungry.
You were a venomous arachnid creature.
You visited 1 branch of the dungeon, and saw 3 of its levels.

You collected 95 gold pieces.

Inventory:

Hand Weapons
 h - a +0 dagger of draining
Missiles
 a - 22 arrows
 t - 11 poisoned darts (quivered)
Armour
 b - a +0 robe (melded)
 q - a +0 cloak (melded)
Jewellery
 o - a ring of see invisible (left front leg)
 s - a cursed amulet of magic regeneration (around neck)
Scrolls
 c - 4 scrolls of remove curse {unknown}
 g - a scroll of amnesia {unknown}
 m - 2 scrolls of magic mapping {unknown}
 p - a scroll of fear {unknown}
 r - a scroll of enchant armour {unknown}
Potions
 e - a potion of brilliance
 i - a potion of ambrosia
 j - 2 potions of curing
 k - a potion of stabbing {unknown}
 l - 2 potions of haste
 n - a potion of cancellation
Comestibles
 d - 3 rations
 f - 4 chunks of flesh


   Skills:
 + Level 3.0 Fighting
 + Level 1.6 Short Blades
 + Level 1.6 Long Blades
 + Level 1.6 Axes
 + Level 1.6 Maces & Flails
 + Level 1.6 Polearms
 + Level 1.6 Staves
 + Level 1.6 Slings
 + Level 1.6 Bows
 + Level 1.6 Crossbows
 + Level 1.6 Throwing
 + Level 1.6 Armour
 + Level 4.8 Dodging
 + Level 1.6 Stealth
 + Level 1.6 Shields
 + Level 6.7 Unarmed Combat
 + Level 5.2 Spellcasting
 + Level 1.2 Conjurations
 + Level 1.2 Hexes
 + Level 1.2 Charms
 + Level 1.2 Summonings
 + Level 1.2 Necromancy
 + Level 1.2 Translocations
 + Level 4.0 Transmutations
 + Level 1.2 Fire Magic
 + Level 1.2 Ice Magic
 + Level 1.2 Air Magic
 + Level 1.2 Earth Magic
 + Level 1.2 Poison Magic
 + Level 1.8 Invocations
 + Level 1.6 Evocations


You had 8 spell levels left.
You knew the following spells:

 Your Spells              Type           Power        Failure   Level  Hunger
a - Beastly Appendage     Tmut           ###...       10%         1    None
b - Sticks to Snakes      Tmut           ###.....     13%         2    #......
c - Spider Form           Tmut/Pois      ##........   32%         3    ###....

Your spell library contained the following spells:

 Spells                   Type           Power        Failure   Level  Hunger
 Ice Form                 Ice/Tmut       ##......     65%         4    ####...
 Blade Hands              Tmut           ###.......   78%         5    ######.


Dungeon Overview and Level Annotations

Branches:
Dungeon (3/15)

Altars:
Makhleb


Innate Abilities, Weirdness & Mutations

Your experience applies equally to all skills.
((You have very sharp teeth.))
Your uncanny sense of smell can sniff out nearby items.


Message History

An orc warrior comes into view. It is wielding a +0 glaive.
An orc warrior is nearby!
You feel sick.
You are no longer poisoned.
The orc warrior shouts!
The orc warrior hits you with a +0 glaive!!
Ouch! That really hurt!
* * * LOW HITPOINT WARNING * * *
Casting: Spider Form (safe; 14% risk of failure)
Confirm with . or Enter, or press ? or * to list all spells.
You turn into a venomous arachnid creature.
Your +0 cloak melds into your body.
Your +0 robe melds into your body.
The orc warrior misses you.
You hit the orc warrior.
The orc warrior is poisoned.
The orc warrior is lightly wounded.
You closely miss the orc warrior.
The orc warrior is moderately wounded.
The orc warrior closely misses you.
The orc warrior hits you from afar with a +0 glaive!
You die...

#..#
####..#########
#.............#
....##..#######.#
### #..#######.## ∆
#...(.......#
#.########÷.# ∆ #.#
#..# ∆
..#####.########s.#
∆
#.............##..#
#.#####.#####.##o.#
#)# #.##.## ∆∆ #.#
#.#.#.# ∆
#.#####..#### ∆
#.......##
#######..# ....#


You could see an orc warrior.

Vanquished Creatures
  2 orc wizards (D:3)
  Terence (D:2)
  2 adders
  4 worms
  A dart slug (D:1)
  3 leopard geckos (D:1)
  4 orcs (D:3)
  3 bats
  7 giant cockroaches
  10 hobgoblins
  2 jackals (D:2)
  8 kobolds
  A quokka (D:3)
  2 ball pythons
  A frilled lizard (D:2)
  8 goblins
  3 rats
62 creatures vanquished.

Vanquished Creatures (collateral kills)
  An ooze (D:1)
1 creature vanquished.

Grand Total: 63 creatures vanquished

Notes
Turn   | Place    | Note
-------+----------+-------------------------------------------
     0 | D:1      | Kohma the Gnoll Transmuter began the quest for the Orb.
     0 | D:1      | Reached XP level 1. HP: 17/17 MP: 6/6
   211 | D:1      | Reached XP level 2. HP: 16/23 MP: 7/7
   323 | D:1      | Learned a level 2 spell: Sticks to Snakes
   594 | D:1      | Reached XP level 3. HP: 26/28 MP: 7/9
   598 | D:1      | Reached skill level 5 in Spellcasting
   607 | D:1      | Learned a level 3 spell: Spider Form
  1072 | D:2      | Reached skill level 1 in Invocations
  1281 | D:2      | Reached skill level 1 in Short Blades
  1281 | D:2      | Reached skill level 1 in Long Blades
  1281 | D:2      | Reached skill level 1 in Axes
  1281 | D:2      | Reached skill level 1 in Maces & Flails
  1281 | D:2      | Reached skill level 1 in Polearms
  1281 | D:2      | Reached skill level 1 in Staves
  1281 | D:2      | Reached skill level 1 in Slings
  1281 | D:2      | Reached skill level 1 in Bows
  1281 | D:2      | Reached skill level 1 in Crossbows
  1281 | D:2      | Reached skill level 1 in Throwing
  1281 | D:2      | Reached skill level 1 in Armour
  1281 | D:2      | Reached skill level 1 in Stealth
  1281 | D:2      | Reached skill level 1 in Shields
  1281 | D:2      | Reached skill level 1 in Evocations
  1398 | D:2      | Reached XP level 4. HP: 31/34 MP: 6/11
  1656 | D:2      | Noticed Terence
  1661 | D:2      | Found a burning altar of Makhleb.
  1667 | D:2      | Killed Terence
  1667 | D:2      | Reached skill level 1 in Conjurations
  1667 | D:2      | Reached skill level 1 in Hexes
  1667 | D:2      | Reached skill level 1 in Charms
  1667 | D:2      | Reached skill level 1 in Summonings
  1667 | D:2      | Reached skill level 1 in Necromancy
  1667 | D:2      | Reached skill level 1 in Translocations
  1667 | D:2      | Reached skill level 1 in Fire Magic
  1667 | D:2      | Reached skill level 1 in Ice Magic
  1667 | D:2      | Reached skill level 1 in Air Magic
  1667 | D:2      | Reached skill level 1 in Earth Magic
  1667 | D:2      | Reached skill level 1 in Poison Magic
  1677 | D:2      | Became a worshipper of Makhleb the Destroyer
  1864 | D:3      | Reached XP level 5. HP: 40/40 MP: 9/12
  2180 | D:3      | Noticed an orc warrior
  2187 | D:3      | Slain by an orc warrior

Levels and vault maps discovered:
D:1:      matt_arrival_grand_opening, layout_loops_ring
D:2:      layout_loops_ring, bloody_makhleb, uniq_terence
D:3:      layout_loops_ring, grunt_gozag_statues, uniq_natasha,
          uniq_crazy_yiuf_cottage

Skill      XL: |  1  2  3  4  5 |
---------------+----------------+-----
Spellcasting   | 5 |  5.2
Invocations    | 1 |  1.8
Short Blades   | 1 |  1.6
Long Blades    | 1 |  1.6
Axes           | 1 |  1.6
Maces & Flails | 1 |  1.6
Polearms       | 1 |  1.6
Staves         | 1 |  1.6
Slings         | 1 |  1.6
Bows           | 1 |  1.6
Crossbows      | 1 |  1.6
Throwing       | 1 |  1.6
Armour         | 1 |  1.6
Stealth        | 1 |  1.6
Shields        | 1 |  1.6
Evocations     | 1 |  1.6
Conjurations   | 1 |  1.2
Hexes          | 1 |  1.2
Charms         | 1 |  1.2
Summonings     | 1 |  1.2
Necromancy     | 1 |  1.2
Translocations | 1 |  1.2
Fire Magic     | 1 |  1.2
Ice Magic      | 1 |  1.2
Air Magic      | 1 |  1.2
Earth Magic    | 1 |  1.2
Poison Magic   | 1 |  1.2
Fighting       | 3 |  3.0
Transmutations | 4 |  4.0
Dodging        | |  4.8
Unarmed Combat | |  6.7

Action                   |  1- 3 |  4- 6 || total
-------------------------+-------+-------++-------
Melee: Unarmed           |   110 |    68 ||   178
       Bite              |    12 |     2 ||    14
       Headbutt          |     2 |       ||     2
       Kick              |     1 |       ||     1
       Punch             |     1 |     3 ||     4
 Cast: Beastly Appendage |     3 |       ||     3
       Sticks to Snakes  |     1 |       ||     1
       Spider Form       |     2 |     5 ||     7
  Use: Scroll            |       |     6 ||     6
 Stab: Sleeping          |     4 |       ||     4
  Eat: Chunk             |     2 |     3 ||     5
Armor: Robe              |     8 |     3 ||    11
Dodge: Dodged            |    68 |    48 ||   116

Table legend:
 A = Non-vault XP
 B = Vault XP
 C = Vault XP percentage of total XP
 D = Non-vault monster count
 E = Vault monster count
 F = Vault count percentage of total count
                 A         B        C        D         E       F
            +---------+---------+-------+---------+---------+-------
      Total |     238 |      38 |  13.8 |      62 |       1 |   1.6
            +---------+---------+-------+---------+---------+-------
        D:1 |      56 |       0 |   0.0 |      26 |       0 |   0.0
        D:2 |      65 |      38 |  36.9 |      25 |       1 |   3.8
        D:3 |     117 |       0 |   0.0 |      11 |       0 |   0.0
            +---------+---------+-------+---------+---------+-------
